 Dungeon Sprint DCSS version 0.21-a0-338-g36cf2fc (webtiles) character file.

3637 Kidiri the Fighter (level 9, -1/139 HPs)
             Began as a Purple Draconian Berserker on Oct 3, 2017.
             Was a High Priest of Trog.
             Slain by a killer bee (2 damage)
             ... in the Dungeon (Sprint III: "The Ten Rune Challenge").
             The game lasted 00:08:06 (1580 turns).

Kidiri the Fighter (Purple Draconian Berserker)     Turns: 1580, Time: 00:08:06

Health: -1/139     AC:  8    Str: 29    XL:     9   Next: 87%
Magic:  9/9        EV: 18    Int:  8    God:    Trog [*****.]
Gold:   41         SH:  0    Dex: 11    Spells: 8/8 levels left

rFire    . . .     SeeInvis .   d - +2 executioner's axe (chop)
rCold    . . .     Gourm    .   (shield currently unavailable)
rNeg     . . .     Faith    .   (armour unavailable)
rPois    .         Spirit   .   (helmet restricted)
rElec    .         Reflect  .   k - +0 cloak
rCorr    .         Harm     .   (no gloves)
MR       ++...     NoTele   +   (no boots)
Stlth    ..........             (no amulet)
HPRegen  0.33/turn              (no ring)
MPRegen  0.11/turn              (no ring)

@: berserking (expiring), lethally poisoned (-1 -> -3), hasted (expiring), very
quick
A: breathe power, unfitting armour, magic resistance 1, strong 1, cold-blooded,
AC +7
a: Breathe Dispelling Energy, Berserk, Trog's Hand, Brothers in Arms, Burn
Spellbooks, Renounce Religion


You were in the Dungeon.
You worshipped Trog.
Trog was extremely pleased with you.
You were not hungry.

You visited 1 branch You collected 41 gold pieces.

Inventory:

Hand Weapons
 a - a +0 hand axe
 d - a +2 executioner's axe of chopping (weapon)
Missiles
 j - 5 javelins of returning (quivered)
 t - 9 throwing nets
Armour
 k - a +0 cloak (worn)
Scrolls
 h - a scroll of blinking
 m - a scroll of torment {unknown}
 n - 2 scrolls of remove curse {unknown}
 o - a scroll of magic mapping {unknown}
 r - a scroll of immolation {unknown}
 s - a scroll of identify {unknown}
Potions
 f - 2 potions of magic
 g - a potion of berserk rage
 i - a potion of degeneration {unknown}
 l - a potion of brilliance {unknown}
 q - a potion of lignification {unknown}
 u - a potion of agility {unknown}
 v - a potion of flight {unknown}
Comestibles
 b - a bread ration


   Skills:
 * Level 13.4 Fighting
 * Level 12.4 Axes
 + Level 8.2 Throwing
 * Level 11.6 Dodging


You had 8 spell levels left.
You didn't know any spells.

Dungeon Overview and Level Annotations

Branches:
Dungeon (1/1)

Altars:
Cheibriados
Dithmenos
Elyvilon
Fedhas
Gozag
Hepliaklqana
Kikubaaqudgha
Makhleb
Nemelex Xobeh
Okawaru
Qazlal
Ru
Sif Muna
Trog
Uskayaw
Vehumet
Wu Jian
Xom
Yredelemnul
Zin
The Shining One
Beogh
Jiyva
Lugonu

Annotations:
D exclusion: door


Innate Abilities, Weirdness & Mutations

You can breathe bolts of dispelling energy.
Your rich purple scales are hard. (AC +7)
You cannot fit into any form of body armour.
You are cold-blooded and may be slowed by cold attacks.
You are resistant to hostile enchantments. (MR+)
Your muscles are strong. (Str +2)


Message History

You barely miss the killer bee. The killer bee misses you.
The killer bee closely misses you. x2; The killer bee misses you.
Unknown command.
You closely miss the killer bee. You slice the killer bee!!
You kill the killer bee!
Trog accepts your kill.
You feel sick. The killer bee barely misses you.
The killer bee completely misses you. The killer bee misses you.
Unknown command.
You miss the killer bee.
Your tail-slap misses the killer bee.
You barely miss the killer bee.
You feel sick. The killer bee misses you. The killer bee stings you.
* * * LOW HITPOINT WARNING * * *
The killer bee completely misses you.
Unknown command.
You miss the killer bee. x2
Your extra speed is starting to run out.
The killer bee completely misses you. The killer bee barely misses you.
The killer bee stings you.
You die...

▓ ▓▓▓ ♣ ♣.############ ♣
♣♣.#___#___#__# ♣♣
♣..#..)#__)#[_#
.♣♣♣..###+#+###'##
...♣♣.#..........#
≈..♣♣.'.⌠........#
≈≈≈♣♣.#...######@#
≈≈....#.⌠.#__#.yy#+##############
≈.....#...#__#...#....#.#.#yy§y.#
......#+###__#...##.#y.#.##.###†#
......#.).#__#...'##)#.#§##)#y)##
......#___#__+...#.yy#yy#.y##.y'y
▓▓▓▓▓▓▓▓▓▓▓▓▓▓▓▓▓▓▓▓▓▓▓▓▓▓▓▓▓▓▓#y
#y +.


You could see 2 killer bees.

Vanquished Creatures
  Erolcha (D)
  A deep elf mage (D)
  2 redbacks (D)
  A necrophage (D)
  5 two-headed ogres (D)
  A water elemental (D)
  9 killer bees (D)
  A wizard (D)
  Jessica (D)
  Crazy Yiuf (D)
  A necromancer (D)
  3 humans (D)
  A kobold demonologist (D)
  2 oozes (D)
  A rat (D)
31 creatures vanquished.

Vanquished Creatures (collateral kills)
  A queen bee (D)
  A shadow (D)
  A spatial vortex (D)
  12 killer bees (D)
  A jelly (D)
16 creatures vanquished.

Vanquished Creatures (others)
  2 draconian scorchers (D)
  6 hellions (D)
  2 yaktaurs (D)
10 creatures vanquished.

Grand Total: 57 creatures vanquished

Notes
Turn   | Place    | Note
-------+----------+-------------------------------------------
     0 | D        | Kidiri the Draconian Berserker began the quest for the Orb.
     0 | D        | Reached XP level 1. HP: 19/19 MP: 1/1
     9 | D        | Reached skill level 4 in Fighting
     9 | D        | Reached skill level 1 in Throwing
     9 | D        | Reached XP level 2. HP: 27/27 MP: 2/2
    12 | D        | Noticed Jessica
    17 | D        | Killed Jessica
    17 | D        | Reached ** piety under Trog
    17 | D        | Reached skill level 5 in Fighting
    17 | D        | Reached XP level 3. HP: 36/36 MP: 3/3
    62 | D        | Killed a yaktaur
    70 | D        | Killed a hellion
    79 | D        | Killed a hellion
    81 | D        | Killed a hellion
    82 | D        | Killed a hellion
    82 | D        | Killed a hellion
    82 | D        | Killed a hellion
   111 | D        | Noticed Crazy Yiuf
   119 | D        | Killed Crazy Yiuf
   119 | D        | Reached skill level 5 in Axes
   145 | D        | Gained mutation: You are robust. (+10% HP) [potion of mutation]
   145 | D        | Gained mutation: Your mind is acute. (Int +2) [potion of mutation]
   146 | D        | Lost mutation: You are robust. (+10% HP) [potion of mutation]
   146 | D        | Lost mutation: Your mind is acute. (Int +2) [potion of mutation]
   146 | D        | Gained mutation: You are resistant to hostile enchantments. (MR+) [potion of mutation]
   146 | D        | Gained mutation: Your muscles are strong. (Str +2) [potion of mutation]
   154 | D        | Killed a white draconian scorcher
   154 | D        | Killed a white draconian scorcher
   201 | D        | Reached *** piety under Trog
   201 | D        | Reached XP level 4. HP: 22/44 MP: 4/4
   358 | D        | Noticed a water elemental
   362 | D        | Killed a water elemental
   362 | D        | Reached skill level 6 in Fighting
   362 | D        | Reached skill level 5 in Dodging
   439 | D        | Found a radiant altar of Vehumet.
   440 | D        | Found a deep blue altar of Sif Muna.
   440 | D        | Found an ancient bone altar of Kikubaaqudgha.
   440 | D        | Noticed a wizard
   442 | D        | Killed a wizard
   442 | D        | Reached **** piety under Trog
   442 | D        | Reached XP level 5. HP: 51/51 MP: 5/5
   447 | D        | Reached skill level 7 in Fighting
   475 | D        | Killed a yaktaur
   485 | D        | Found a glowing silver altar of Zin.
   486 | D        | Found a glowing golden altar of the Shining One.
   486 | D        | Found a white marble altar of Elyvilon.
   486 | D        | Noticed a deep elf mage
   502 | D        | Killed a deep elf mage
   502 | D        | Reached skill level 9 in Fighting
   502 | D        | Reached skill level 5 in Throwing
   502 | D        | Reached XP level 6. HP: 48/64 MP: 6/6
   502 | D        | Your scales start taking on a rich purple colour.
   502 | D        | Reached XP level 7. HP: 52/70 MP: 7/7
   657 | D        | Found an ornate altar of the Wu Jian Council.
   657 | D        | Found an iron altar of Okawaru.
   658 | D        | Found a roughly hewn altar of Beogh.
   658 | D        | Found a bloodstained altar of Trog.
   658 | D        | Found a hide-covered altar of Uskayaw.
   658 | D        | Noticed a human
   658 | D        | Noticed a human
   666 | D        | Killed a human
   666 | D        | Reached skill level 10 in Fighting
   668 | D        | Killed a human
   792 | D        | Found a basalt altar of Yredelemnul.
   792 | D        | Found a shadowy altar of Dithmenos.
   792 | D        | Found a sacrificial altar of Ru.
   794 | D        | Received a gift from Trog
   838 | D        | Noticed a shadow
   843 | D        | Killed a shadow
   843 | D        | Reached XP level 8. HP: 78/81 MP: 8/8
   853 | D        | Found a blossoming altar of Fedhas.
   853 | D        | Found a stormy altar of Qazlal.
   853 | D        | Found a snail-covered altar of Cheibriados.
   853 | D        | Found a burning altar of Makhleb.
   853 | D        | Found a shimmering altar of Xom.
   854 | D        | Found a hazy altar of Hepliaklqana.
   854 | D        | Found an opulent altar of Gozag.
   854 | D        | Found a sparkling altar of Nemelex Xobeh.
   854 | D        | Found a corrupted altar of Lugonu.
   854 | D        | Found a viscous altar of Jiyva.
   858 | D        | Reached skill level 10 in Axes
   902 | D        | Reached ***** piety under Trog
   902 | D        | Reached skill level 11 in Fighting
   985 | D        | Noticed a two-headed ogre
   991 | D        | Killed a two-headed ogre
   991 | D        | Reached skill level 10 in Dodging
  1117 | D        | Noticed a two-headed ogre
  1117 | D        | Noticed Erolcha
  1125 | D        | Killed Erolcha
  1125 | D        | Reached skill level 12 in Fighting
  1125 | D        | Reached XP level 9. HP: 91/91 MP: 9/9
  1132 | D        | Killed a two-headed ogre
  1205 | D        | Received a gift from Trog
  1509 | D        | Noticed a queen bee
  1513 | D        | Reached skill level 13 in Fighting
  1525 | D        | Killed a queen bee
  1539 | D        | Received a gift from Trog
  1563 | D        | HP: 3/93 [killer bee (3)]
  1575 | D        | Received a gift from Trog
  1575 | D        | HP: 6/139 [poisoned by a killer bee]
  1579 | D        | HP: 1/139 [killer bee (3)]
  1580 | D        | Slain by a killer bee

Vault maps used:
D:        dungeon_sprint_mu

Skill      XL: |  1  2  3  4  5  6  7  8  9 |
---------------+----------------------------+-----
Dodging        | 3 4 5 7 9 10 11 | 11.6
Fighting       | 4 5 6 9 10 12 13 | 13.4
Throwing       | 1 2 3 5 6 7 8 |  8.2
Axes           | 4 5 6 8 9 11 12 | 12.4

Action                   |  1- 3 |  4- 6 |  7- 9 || total
-------------------------+-------+-------+-------++-------
Melee: Hand axe          |    32 |    17 |    50 ||    99
       Tailslap          |     6 |     2 |    13 ||    21
       Executioner's axe |       |       |    18 ||    18
Invok: Berserk           |     2 |     3 |     8 ||    13
       Burn Spellbooks   |       |     1 |       ||     1
       Brothers in Arms  |       |     1 |     5 ||     6
 Abil: Breathe Dispellin |       |       |     3 ||     3
  Use: Potion            |     2 |     1 |     4 ||     7
  Eat: Fruit             |       |     3 |       ||     3
       Chunk             |       |       |     8 ||     8
       Royal jelly       |       |       |     1 ||     1
       Meat ration       |       |       |     1 ||     1
Armor: Skin              |     4 |     3 |    17 ||    24
Dodge: Dodged            |    23 |     7 |   120 ||   150

Table legend:
 A = Spawn XP
 B = Non-spawn XP
 C = Spawn XP percentage of total XP
 D = Spawn monster count
 E = Non-spawn monster count
 F = Spawn count percentage of total count
 G = Total turns spent on level
                    A         B        C        D         E        F      G
               +---------+---------+-------+---------+---------+-------+---------
         Total |       0 |    5196 |   0.0 |       0 |      47 |   0.0 |  1580
               +---------+---------+-------+---------+---------+-------+---------
             D |       0 |    5196 |   0.0 |       0 |      47 |   0.0 |  1580
               +---------+---------+-------+---------+---------+-------+---------
